 Dungeon Crawl Stone Soup version 0.16.1-16-gc44b35d (webtiles) character file.

1010 jacksonaction the Fighter (level 8, 75/75 HPs)
             Began as a Minotaur Fighter on Apr 19, 2015.
             Was an Initiate of Elyvilon.
             Quit the game on level 5 of the Dungeon.
             The game lasted 00:21:36 (4427 turns).

jacksonaction the Fighter (Minotaur Fighter)        Turns: 4427, Time: 00:21:36

Health: 75/75      AC: 14    Str: 22    XL:     8   Next: 1%
Magic:  5/5        EV:  5    Int:  5    God:    Elyvilon [......]
Gold:   192        SH:  9    Dex: 11    Spells: 0 memorised, 7 levels left

rFire  . . .     SeeInvis .     A - +1 flail (protect)
rCold  . . .     Clarity  .     o - +0 chain mail
rNeg   . . .     SustAb   .     c - +0 shield
rPois  .         Gourm    .     (helmet restricted)
rElec  .         Spirit   .     (no cloak)
rCorr  .         Warding  .     (no gloves)
rMut   .         Stasis   .     (no boots)
MR     .....                    (no amulet)
Stlth  ..........               (no ring)
                                (no ring)

@: not resistant to hostile enchantments, extremely unstealthy
A: retaliatory headbutt, horns 2
a: Renounce Religion


You were on level 5 of the Dungeon.
You worshipped Elyvilon.
Elyvilon was noncommittal.
You were hungry.

You visited 2 branches of the dungeon, and saw 6 of its levels.

You collected 192 gold pieces.

Inventory:

Hand weapons
 s - a +0 hunting sling
 A - a +1 flail of protection (weapon)
Missiles
 g - 115 stones (quivered)
 x - 18 sling bullets
 F - 15 poisoned needles
Armour
 c - a +0 shield (worn)
 o - a +0 chain mail (worn)
Jewellery
 n - an uncursed ring of protection from magic {unknown}
 r - an uncursed amulet of stasis {unknown}
 C - a cursed -3 ring of protection {unknown}
 D - an uncursed ring of magical power {unknown}
Magical devices
 t - a wand of magic darts (9)
Scrolls
 b - 3 scrolls of remove curse {unknown}
 f - 3 scrolls of identify {unknown}
 h - a scroll of random uselessness {unknown}
 m - a scroll of enchant armour {unknown}
 p - 2 scrolls of teleportation {unknown}
 w - a scroll of magic mapping {unknown}
 z - a scroll of noise {unknown}
Potions
 a - a potion of curing {unknown}
 e - a potion of might
 k - a potion of heal wounds {unknown}
 q - a potion of brilliance {unknown}
 u - 2 potions of magic {unknown}
 v - 2 potions of agility
 B - a potion of mutation {unknown}
 G - a potion of beneficial mutation {unknown}
 H - 2 potions of flight {unknown}
Books
 y - a book of the Warp

   Spells                             Type                      Level
   a - Recall                         Summoning/Translocation      3
   b - Control Teleport               Charms/Translocation         4
   c - Force Lance                    Conjuration/Translocation    4
   d - Phase Shift                    Translocation                5
   e - Warp Weapon                    Charms/Translocation         5
   f - Gell's Gravitas                Hexes/Translocation          5
   g - Summon Forest                  Summoning/Translocation      5
Comestibles
 d - 3 bread rations
 i - 2 beef jerkies
 j - 2 meat rations
 l - a slice of pizza


   Skills:
 - Level 8.4 Fighting
 + Level 8.1 Maces & Flails
 - Level 3.6 Armour
 - Level 3.6 Shields
 * Level 1.7 Invocations


You had 7 spell levels left.
You didn't know any spells.

Dungeon Overview and Level Annotations

Branches:
Dungeon (5/15)             Temple (1/1) D:5

Altars:
Ashenzari
Cheibriados
Dithmenos
Elyvilon
Fedhas
Kikubaaqudgha
Makhleb
Okawaru
Qazlal
Ru
Sif Muna
Trog
Vehumet
Yredelemnul
Zin

Shops:
D:5 }

Annotations:
D:5 exclusion: oklob plant


Innate Abilities, Weirdness & Mutations

You reflexively headbutt those who attack you in melee.
You have a pair of horns on your head.


Message History

The giant frog skeleton hits you but does no damage.
Found a stone staircase leading up.
You hit the giant frog skeleton.
Your headbutt misses the giant frog skeleton.
The giant frog skeleton hits you but does no damage.
You block the giant frog skeleton's attack.
You hit the giant frog skeleton.
Your headbutt misses the giant frog skeleton.
You block the giant frog skeleton's attack.
Your shield and chain mail prevent you from hitting the giant frog skeleton.
Your headbutt misses the giant frog skeleton.
The giant frog skeleton hits you but does no damage.
The giant frog skeleton barely misses you.
You sock the giant frog skeleton! You headbutt the giant frog skeleton!
You thump the giant frog skeleton!
You destroy the giant frog skeleton!
You have reached level 8!
You feel agile.
You are feeling hungry.
Are you sure you want to abandon this character and quit the game? (Confirm with "yes".)

.....######.# #.# #.# ##...#
##### #.###.# #..(######PPP##
#...#.# ##.......#P...P#
###...#.#
.......###P.>.P#######.......#
........##P...P##........<...#
........###P.P###.####.......##
##...##.# ##'##.#.#...........#
#[..##.# #..##.@.#.####...##.#
#.####.###.#######.# ##.###.#
#..........# #...#####.# #.#
#######.##### #.#.......# #.#
#######.# #...#####.###.###
........# ##..# #.#......
######.## #..# #.#.#.### #.#
#..# #.#.#.# #># #..#####.#.#.#


There were no monsters in sight!

Vanquished Creatures
  Edmund (D:4)
  A phantom (D:4)
  2 ogres (D:4)
  Duvessa (D:5)
  A giant frog (D:3)
  Dowan (D:5)
  2 giant frog zombies (D:5)
  2 giant frog skeletons (D:5)
  3 worker ants (D:4)
  Ijyb (D:2)
  A hound skeleton (D:4)
  Robin (D:3)
  3 gnolls (D:3)
  11 adders
  2 shadow imps (D:5)
  5 worms
  3 giant geckos
  6 orcs
  A ball python (D:4)
  2 giant cockroaches (D:3)
  15 hobgoblins
  14 jackals
  4 quokkas
  9 bats
  A giant gecko skeleton (D:4)
  3 giant newts
  16 goblins
  8 kobolds
  7 rats
127 creatures vanquished.

Notes
Turn   | Place    | Note
--------------------------------------------------------------
     0 | D:1      | jacksonaction, the Minotaur Fighter, began the quest for the Orb.
     0 | D:1      | Reached XP level 1. HP: 19/19 MP: 1/1
   153 | D:1      | Reached skill level 4 in Fighting
   297 | D:1      | Reached XP level 2. HP: 27/27 MP: 1/1
   921 | D:2      | Reached XP level 3. HP: 34/34 MP: 2/2
  1209 | D:2      | Noticed Ijyb
  1221 | D:2      | Killed Ijyb
  1221 | D:2      | Reached skill level 5 in Fighting
  1651 | D:2      | Reached XP level 4. HP: 42/42 MP: 2/2
  1705 | D:2      | Found a shattered altar of Ashenzari.
  1854 | D:3      | Reached skill level 6 in Fighting
  1887 | D:3      | Reached XP level 5. HP: 43/50 MP: 2/2
  1896 | D:3      | Noticed a giant frog
  1901 | D:3      | Killed a giant frog
  2113 | D:3      | Found an ancient bone altar of Kikubaaqudgha.
  2117 | D:3      | Noticed Robin
  2176 | D:3      | Killed Robin
  2345 | D:3      | Reached skill level 5 in Maces & Flails
  2345 | D:3      | Reached XP level 6. HP: 58/58 MP: 3/3
  2464 | D:3      | Found a stormy altar of Qazlal.
  2472 | D:3      | Found a basalt altar of Yredelemnul.
  2800 | D:4      | Noticed Edmund
  2817 | D:4      | Killed Edmund
  2817 | D:4      | Reached skill level 7 in Fighting
  3060 | D:4      | Reached XP level 7. HP: 57/67 MP: 3/3
  3084 | D:4      | Found a snail-covered altar of Cheibriados.
  3089 | D:4      | Reached skill level 8 in Fighting
  3542 | D:5      | Entered Level 5 of the Dungeon
  3576 | D:5      | Found a staircase to the Ecumenical Temple.
  3582 | Temple   | Entered the Ecumenical Temple
  3672 | Temple   | Became a worshipper of Elyvilon the Healer
  3901 | D:5      | Noticed Duvessa
  3901 | D:5      | Noticed Dowan
  3912 | D:5      | Killed Duvessa
  3912 | D:5      | Reached skill level 1 in Invocations
  3916 | D:5      | Killed Dowan
  3976 | D:5      | Found a bloodstained altar of Trog.
  3976 | D:5      | Found a burning altar of Makhleb.
  3977 | D:5      | Found an iron altar of Okawaru.
  3977 | D:5      | Found a deep blue altar of Sif Muna.
  4185 | D:5      | Found Wogasea's Gadget Boutique.
  4250 | D:5      | Found a blossoming altar of Fedhas.
  4272 | D:5      | Noticed an oklob plant
  4411 | D:5      | Reached XP level 8. HP: 75/75 MP: 5/5
  4427 | D:5      | Quit the game

Action                   |  1- 3 |  4- 6 |  7- 9 || total
-------------------------+-------+-------+-------++-------
Melee: Flail             |    28 |    31 |    97 ||   156
       Whip              |    72 |   120 |       ||   192
Throw: Stone             |     6 |     4 |       ||    10
  Eat: Chunk             |     2 |     5 |     4 ||    11
